Map: Acid Plant LE

Players

PtitDrogo - Winner!

  • Race: Protoss Protoss
  • Spawn Location: 11:00

Daydreamer

  • Race: Protoss Protoss
  • Spawn Location: 5:00

Event: WCS Montreal 2018

VOD

Have the link to the VOD?

Description

Time

  • Played on: Sept. 7, 2018, 1:27 p.m.
  • Length: 7:10

All games in this series

Show
View Real Time Build Order
Export as new Build Order

PtitDrogo Protoss - Winner!

Build Orders:  

Get SALT Encoding   

  12  0:00  Probe  
  13  0:13  Probe  
  14  0:16  Pylon  
  14  0:24  Probe  
  15  0:32  Probe  
  15  0:38  Gateway  
  15  0:40  Probe  
  16  0:46  Assimilator  
  17  0:50  Probe  
  17  0:54  Assimilator  
  18  0:58  Probe  
  19  1:06  Probe  
  20  1:13  Gateway  
  20  1:17  Probe  
  20  1:25  Cybernetics Core  
  21  1:29  Probe  
  22  1:33  Pylon  
  22  1:41  Warp Gate, Probe  
  23  1:54  Probe  
  24  2:01  Stalker x2  
  28  2:11  Pylon  
  28  2:31  Stalker x2  
  32  2:49  Nexus  
  32  3:01  Stalker  
  32  3:03  Stalker  
  36  3:16  Robotics Facility  
  36  3:23  Pylon  
  35  3:37  Shield Battery  
  35  3:45  Stalker  
  35  3:48  Stalker  
  39  3:56  Immortal  
  37  4:03  Probe  
  42  4:14  Probe  
  42  4:15  Probe  
  42  4:17  Sentry  
  46  4:18  Sentry  
  44  4:38  Immortal, Probe  
  49  4:43  Probe  
  50  4:50  Probe  
  47  4:55  Stalker  
  47  4:56  Sentry  
  51  5:06  Immortal  
  43  5:19  Shield Battery  
  47  5:24  Zealot  
  47  5:25  Stalker  
  51  5:36  Immortal  
  51  5:45  Stalker  
  57  5:53  Stalker  
  57  5:55  Pylon  
  59  5:57  Probe  
  59  6:00  Probe  
  61  6:12  Probe  
  61  6:13  Probe  
  63  6:23  Warp Prism, Stalker  
  63  6:24  Stalker  
  67  6:31  Probe x2  
  70  6:48  Pylon  
  70  6:49  Shield Battery  
Show
View Real Time Build Order
Export as new Build Order

Daydreamer Protoss 

Build Orders:  

Get SALT Encoding   

  12  0:00  Probe  
  13  0:14  Probe  
  13  0:17  Pylon  
  14  0:27  Probe  
  15  0:35  Probe  
  15  0:36  Gateway  
  16  0:43  Probe  
  16  0:44  Assimilator  
  17  0:52  Assimilator  
  17  0:53  Probe  
  18  1:05  Probe  
  18  1:09  Gateway  
  19  1:17  Probe  
  20  1:23  Cybernetics Core  
  20  1:29  Probe  
  20  1:31  Warp Gate  
  21  1:34  Pylon  
  21  1:41  Probe  
  22  1:54  Probe  
  23  1:59  Stalker  
  25  2:01  Stalker  
  25  2:06  Pylon  
  27  2:15  Pylon  
  29  2:34  Gateway  
  29  2:35  Gateway  
  27  2:41  Stalker  
  29  2:48  Stalker  
  31  3:06  Shield Battery  
  29  3:36  Stalker  
  29  3:37  Stalker  
  29  3:39  Stalker x2  
  35  3:50  Pylon  
  33  4:02  Stalker  
  33  4:05  Stalker x2  
  37  4:15  Shield Battery  
  37  4:30  Stargate  
  37  4:33  Stalker x2  
  39  4:42  Stalker  
  41  4:55  Stalker  
  41  4:58  Probe  
  44  5:06  Oracle  
  35  5:28  Nexus  
  35  5:33  Probe  
  36  5:40  Adept  
  38  5:45  Adept  
  38  5:47  Oracle  
  43  5:58  Probe  
  44  6:07  Pylon  
  44  6:10  Probe  
  44  6:22  Probe  
  45  6:32  Probe  
  45  6:36  Probe  
  45  6:38  Twilight Council  
  45  6:39  Pylon  
  46  6:40  Probe  
  46  6:44  Probe  
  48  6:48  Probe  
  50  6:55  Probe  
  50  6:59  Shield Battery  
Tags
 
Add a new tag
Caveats
  • Supply blocks, unpowered buildings, or Contaminate may cause inaccurate times.
  • Supply counts are checked every 10 seconds.